 Dungeon Crawl Stone Soup version 0.21.1-1-g345015f (webtiles) character file.

65 Mirai the Skirmisher (level 3, 0/29 HPs)
             Began as a Demonspawn Fighter on Mar 8, 2018.
             Slain by Sigmund
             ... wielding a +0 scythe of protection
              (9 damage)
             ... on level 2 of the Dungeon.
             The game lasted 00:02:13 (951 turns).

Mirai the Skirmisher (Demonspawn Fighter)            Turns: 951, Time: 00:02:13

Health: 0/29       AC:  6    Str: 17    XL:     3   Next: 92%
Magic:  3/3        EV:  7    Int:  9    God:
Gold:   35         SH: 13    Dex: 12    Spells: 2/2 levels left

rFire    . . .     SeeInvis .   a - +0 war axe
rCold    + . .     Gourm    .   c - +0 shield
rNeg     . . .     Faith    .   b - +0 scale mail
rPois    .         Spirit   .   (no helmet)
rElec    .         Reflect  .   (no cloak)
rCorr    .         Harm     .   (no gloves)
MR       .....                  (no boots)
Stlth    ..........             (no amulet)
HPRegen  0.09/turn              j - ring of loudness (curse)
MPRegen  0.08/turn              (no ring)

@: no status effects
A: large bone plates 1, cold resistance 1
a: no special abilities


You were on level 2 of the Dungeon.
You were not hungry.

You visited 1 branch of the dungeon, and saw 2 of its levels.

You collected 35 gold pieces.

Inventory:

Hand Weapons
 a - a +0 war axe (weapon)
Armour
 b - a +0 scale mail (worn)
 c - a +0 shield (worn)
 l - a +0 shield
Jewellery
 j - a cursed ring of loudness (left hand)
Scrolls
 e - 2 scrolls of fog {unknown}
 h - a scroll of amnesia {unknown}
 i - 3 scrolls of identify {unknown}
 k - a scroll of fear {unknown}
 m - a scroll of enchant armour {unknown}
 p - 4 scrolls of magic mapping {unknown}
 q - a scroll of teleportation {unknown}
Potions
 d - a potion of might
 g - a potion of lignification {unknown}
 o - a potion of ambrosia {unknown}
Comestibles
 f - 2 rations
 n - 10 chunks of flesh


   Skills:
 + Level 3.4 Fighting
 + Level 2.4 Axes
 + Level 3.1 Armour
 + Level 0.1 Dodging
 + Level 3.3 Shields


You had 2 spell levels left.
You didn't know any spells.

Dungeon Overview and Level Annotations

Branches:
Dungeon (2/15)

Altars:

Annotations:
D:2 Sigmund


Innate Abilities, Weirdness & Mutations

You are partially covered in large bone plates. (SH +4)
Your flesh is cold resistant. (rC+)


Message History

You see here a scroll labeled RIUGAI MIUTIW.
q - a scroll labeled RIUGAI MIUTIW You slash the frilled lizard!
You kill the frilled lizard!
You block something's attack.
You hit something but do no damage. Something hits you but does no damage.
You barely miss something. You block something's attack.
You closely miss something. Something hits you but does no damage.
You hit something but do no damage.
You hear a zap.
Something tries to affect you, but you resist.
Something hits you!
You miss something.
Your shield and scale mail prevent you from hitting something.
Something hits you!
You slash something!
You hear some strange, mumbled words.
Something tries to affect you, but you resist.
Something hits you!
You die...

#### #.# #.. .<###.#
### # #.# .....#.# ##
....#.##.+ .....#.#
#.
.........#..{...#.#
#. ..#.#.##@#..l..
#.# #. #....{.#+# #.#
####.
####.###)####.###....
#.>...........'....
#..########.###....
#..# .....+.... #..#
#.#####.... .... ...
+.... ..... ### #....


There were no monsters in sight!

Vanquished Creatures
  Jessica (D:2)
  An ooze (D:1)
  2 dart slugs (D:1)
  3 bats
  5 giant cockroaches
  A goblin (D:2)
  4 hobgoblins
  6 kobolds
  3 frilled lizards
  5 rats
31 creatures vanquished.

Notes
Turn   | Place    | Note
-------+----------+-------------------------------------------
     0 | D:1      | Mirai the Demonspawn Fighter began the quest for the Orb.
     0 | D:1      | Reached XP level 1. HP: 18/18 MP: 1/1
   136 | D:1      | Gained mutation: Your flesh is cold resistant. (rC+) [demonic ancestry]
   136 | D:1      | Reached XP level 2. HP: 23/24 MP: 2/2
   734 | D:2      | Noticed Jessica
   743 | D:2      | Killed Jessica
   743 | D:2      | Gained mutation: You are partially covered in large bone plates. (SH +4) [demonic ancestry]
   743 | D:2      | Reached XP level 3. HP: 28/29 MP: 3/3
   938 | D:2      | Noticed Sigmund
   951 | D:2      | Slain by Sigmund

Skill      XL: |  1  2 |
---------------+-------+-----
Axes           | 2 |  2.4
Shields        | 3 |  3.3
Armour         | 3 |  3.1
Fighting       | |  3.4
Dodging        | |  0.1

Action                   || total
-------------------------++-------
Melee: War axe           ||   104
Armor: Scale mail        ||    50
Dodge: Dodged            ||    25
Block: Shield            ||    54
